 Dungeon Crawl Stone Soup version 0.31-a0-704-g1016066182 (webtiles) character file.

Game seed: 9153684795576686067

34 DisasterStrats the Caller (level 3, -2/19 HPs)
             Began as a Deep Elf Summoner on Sept 9, 2023.
             Slain by a starcursed mass (7 damage)
             ... on level 1 of the Abyss.
             The game lasted 00:15:10 (1179 turns).

DisasterStrats the Caller (Deep Elf Summoner)       Turns: 1179, Time: 00:15:11

Health: -2/19      AC:  2    Str:  5    XL:     3   Next: 14%
Magic:  10/10      EV: 13    Int: 21    God:
Gold:   57         SH:  5    Dex: 15    Spells: 8/9 levels left

rFire   . . .        f - +0 short sword
rCold   . . .        (no shield)
rNeg    . . .        a - +0 robe
rPois   .            (no helmet)
rElec   .            (no cloak)
rCorr   .            (no gloves)
SInv    .            (no boots)
Will    .....        e - amulet of reflection
Stlth   ++           (no ring)
HPRegen 0.23/turn    (no ring)
MPRegen 0.12/turn

%: reflection
@: no status effects
A: no striking features
a: no special abilities


You were on level 1 of the Abyss.
You visited 1 branch of the dungeon, and saw 2 of its levels.
You visited the Abyss 1 time.

You collected 57 gold pieces.

Inventory:

Hand Weapons
 f - a +0 short sword (weapon)
 h - a +0 spear of pain
Armour
 a - a +0 robe (worn)
Jewellery
 e - an amulet of reflection (around neck)
Scrolls
 g - a scroll of fog {unknown}
 i - a scroll of blinking {unknown}
 j - a scroll of summoning {unknown}
Potions
 b - a potion of magic
 c - a potion of haste {unknown}
 d - a potion of might {unknown}


   Skills:
 + Level 0.4 Short Blades
 + Level 2.7 Dodging
 + Level 2.9 Stealth
 + Level 3.7 Spellcasting
 + Level 4.8 Summonings


You had 8 spell levels left.
You knew the following spells:

 Your Spells              Type           Power      Damage    Failure   Level
a - Summon Small Mammal   Summ           96%        N/A       1%          1

Your spell library contained the following spells:

 Spells                   Type           Power      Damage    Failure   Level
 Call Imp                 Summ           48%        N/A       2%          2
 Call Canine Familiar     Summ           24%        N/A       4%          3
 Summon Guardian Golem    Hex/Summ       14%        N/A       14%         3
 Summon Lightning Spire   Summ/Air       14%        N/A       41%         4


Dungeon Overview and Level Annotations

Branches:
Dungeon (2/15)

Altars:


Message History

Your quokka barely misses the kobold.
Something misses your quokka. The endoplasm hits your quokka.
Your quokka bites the kobold but does no damage.
The endoplasm hits your quokka. The kobold attacks as it pursues you!
The kobold hits you with a +1 short sword of distortion.
You are cast into the Abyss!
This branch contains the abyssal rune of Zot.
Magic restored.
HP restored.
Found a gateway leading deeper into the Abyss.
You enter the shallow water.
Moving in this stuff is going to be slow.
You enter the shallow water.
Moving in this stuff is going to be slow.
Found a gateway leading deeper into the Abyss.
There is a gateway leading deeper into the Abyss here.
You enter the shallow water.
Moving in this stuff is going to be slow.
An iron imp comes into view.
The iron imp shouts!
Found a gateway leading deeper into the Abyss.
There is a gateway leading deeper into the Abyss here.
A tentacled starspawn comes into view.
There are monsters nearby!
Found a gateway leading deeper into the Abyss.
There is a gateway leading deeper into the Abyss here.
A tentacled starspawn is nearby!
A tentacle flies out from the starspawn's body!
A starspawn tentacle comes into view.
A small abomination comes into view.
A starcursed mass comes into view.
A starcursed mass splits.
A starcursed mass splits.
The starcursed mass touches you!
Ouch! That really hurt!
* * * LOW HITPOINT WARNING * * *
The starcursed mass barely misses you. The starcursed mass misses you.
The starcursed mass touches you!
You die...

≈≈≈≈ ≈..≈
≈≈≈≈≈ ≈≈≈ ≈≈≈
..#.#.#
.......####
#. #@..#
...#XXX##
#.....##.##
##.#......###
##...##..#.#
...####.#.##
##.# ##### ..


You could see 3 starcursed masses.

Vanquished Creatures
  A dart slug (D:1)
  A giant cockroach (D:1)
  5 goblins (D:1)
  2 quokkas (D:1)
  2 ball pythons (D:1)
  A frilled lizard (D:1)
  3 rats (D:1)
15 creatures vanquished.

Vanquished Creatures (collateral kills)
  2 dart slugs (D:1)
  4 endoplasms (D:1)
  A goblin (D:1)
  2 hobgoblins (D:1)
  A ball python (D:1)
  A kobold (D:1)
11 creatures vanquished.

Vanquished Creatures (others)
  2 starspawn tentacles (Abyss:1)
2 creatures vanquished.

Grand Total: 28 creatures vanquished

Notes
Turn   | Place    | Note
-------+----------+-------------------------------------------
     0 | D:1      | DisasterStrats the Deep Elf Summoner began the quest for
                  | the Orb.
     0 | D:1      | Reached XP level 1. HP: 10/10 MP: 6/6
   304 | D:1      | Reached XP level 2. HP: 5/15 MP: 6/8
   643 | D:1      | Reached XP level 3. HP: 19/19 MP: 8/10
  1077 | Abyss:1  | Cast into level 1 of the Abyss (kobold)
  1147 | Abyss:1  | Noticed a tentacled starspawn
  1157 | Abyss:1  | Noticed a small abomination
  1174 | Abyss:1  | Noticed a starcursed mass
  1179 | Abyss:1  | Slain by a starcursed mass

Illustrated notes

Levels and vault maps discovered:
D:1:      grunt_arrival_lava_bath, layout_basic
D:2:      layout_loops_ring
Abyss:1:  base: Temple, hangedman_abyss_sting

Action                     || total
---------------------------++-------
  Melee: Short sword       ||    37
         Club              ||     3
  Throw: Stone             ||     5
   Cast: Summon Small Mamm ||    13
   Stab: Sleeping          ||     6
 Armour: Robe              ||    14
  Dodge: Dodged            ||    18
  Block: Other             ||     4
         Reflection        ||     1

Table legend: (Time is in decaauts)
 A = Elapsed time spent in this place.
 B = Non-inter-level travel time spent in this place.
 C = Inter-level travel time spent in this place.
 D = Time resting spent in this place.
 E = Time spent auto-exploring this place.
 F = Levels seen in this place.
 G = Mean time per level.
                   A        B        C        D        E       F      G
               +--------+--------+--------+--------+--------+-----+--------+
         Total |   1182 |   1164 |     18 |     71 |    668 |   3 |  394.0 |
       Dungeon |   1077 |   1059 |     18 |     71 |    629 |   2 |  538.5 |
         Abyss |    105 |    105 |      0 |      0 |     39 |   1 |  105.0 |
               +--------+--------+--------+--------+--------+-----+--------+

Top non-repeatable levels by time:
     D:1: 1011 daAuts
 Abyss:1: 105 daAuts
     D:2: 65 daAuts
